 Dungeon Crawl Stone Soup version 0.23-a0-175-g97aacdb306 (webtiles) character file.

606884 PikkenKukken the Middleweight Champion (level 27, 0/237 HPs)
             Began as a Demonspawn Berserker on Sept 16, 2018.
             Was a High Priest of Trog.
             Killed from afar by a shadow dragon (33 damage)
             ... with a bolt of negative energy
             ... on level 5 of the Vaults on Sept 17, 2018.
             The game lasted 02:57:18 (84050 turns).

PikkenKukken the Middleweight Champion (DsBe)      Turns: 84050, Time: 02:57:19

Health: 0/237      AC: 43    Str: 31    XL:     27
Magic:  0/27       EV: 13    Int:  9    God:    Trog [*****.]
Gold:   6149       SH:  0    Dex: 15    Spells: 26/26 levels left

rFire    + . .     SeeInvis +     - Unarmed
rCold    . . .     Gourm    .   (no shield)
rNeg     . . .     Faith    .   E - +7 crystal plate armour
rPois    .         Spirit   +   a - +2 hat {MR+}
rElec    .         Reflect  .   G - +1 cloak {MR+}
rCorr    +         Harm     .   L - +2 pair of gloves {Str+3}
MR       ++++.                  (boots unavailable)
Stlth    ..........             W - amulet of regeneration
HPRegen  0.89/turn              O - +5 ring of slaying
MPRegen  0.40/turn              Z - ring "Zeprisiafu" {*Drain AC+3 Dex+2 Slay+2}

@: drained
A: antennae 1, hooves 3, yellow scales 3, see invisible, clumsy 1, deformed
body, fire resistance 1, hurl damnation, nightstalker 3, magic shield, magic
regeneration, magic link, flame cloud immunity, subdued magic 1
}: 2/15 runes: decaying, gossamer
a: Hurl Damnation, Berserk, Trog's Hand, Brothers in Arms, Renounce Religion


You were on level 5 of the Vaults.
You worshipped Trog.
Trog was extremely pleased with you.
You were very hungry.

You visited 9 branches of the dungeon, and saw 45 of its levels.
You visited the Abyss 4 times.
You visited 1 bazaar.
You also visited: Trove and Ice Cave.

You collected 7680 gold pieces.
You spent 1531 gold pieces at shops.

Inventory:

Armour
 a - a +2 hat of magic resistance (worn)
 E - a +7 crystal plate armour (worn)
 G - a +1 cloak of magic resistance (worn)
 L - a +2 pair of gloves of strength (worn)
Jewellery
 d - an uncursed ring of protection from magic
 o - a +5 ring of evasion
 z - a +3 ring of slaying
 I - an uncursed ring of protection from fire
 O - a +5 ring of slaying (left hand)
 U - the ring "Utovitas" {rPois Int+3 Slay+2}
   (You found it on level 13 of the Dungeon)

   [ring of intelligence]

   It affects your intelligence (+3).
   It affects your accuracy and damage with ranged weapons and melee attacks
   (+2).
   It protects you from poison.
 W - an amulet of regeneration (around neck)
 Z - the ring "Zeprisiafu" (right hand) {*Drain AC+3 Dex+2 Slay+2}
   (You took it off a deep elf death mage on level 3 of the Elven Halls)

   [ring of protection]

   It affects your AC (+3).
   It affects your dexterity (+2).
   It affects your accuracy and damage with ranged weapons and melee attacks
   (+2).
   It causes draining when unequipped.
Wands
 f - a wand of digging (51)
 l - a wand of iceblast (20)
 r - a wand of polymorph (14)
 s - a wand of acid (7)
 u - a wand of disintegration (20)
 B - a wand of paralysis (60)
 D - a wand of random effects (14)
 M - a wand of enslavement (22)
 N - a wand of scattershot (12)
Scrolls
 c - 6 scrolls of enchant weapon
 e - 4 scrolls of fog
 h - 2 scrolls of enchant armour
 k - 30 scrolls of remove curse
 n - 6 scrolls of blinking
 q - 12 scrolls of teleportation
 v - 3 scrolls of magic mapping
 w - 8 scrolls of fear
 y - 18 scrolls of identify
 H - 3 scrolls of noise
 J - 2 scrolls of summoning
Potions
 g - 3 potions of cancellation
 i - 3 potions of heal wounds
 j - 4 potions of brilliance
 m - 2 potions of agility
 p - 22 potions of curing
 t - a potion of berserk rage
 x - 5 potions of haste
 C - 7 potions of flight
 F - 6 potions of might
 K - 5 potions of mutation
 P - 8 potions of ambrosia
 T - 2 potions of resistance
 Y - 4 potions of invisibility
Miscellaneous
 V - 4 phantom mirrors
Comestibles
 b - 43 rations
 A - 9 chunks of flesh


   Skills:
 + Level 23.9(22.7) Fighting
 + Level 22.2(21.1) Armour
 - Level 10.4(9.6) Dodging
 O Level 27(25.7) Unarmed Combat
 - Level 6.6(5.8) Evocations


You had 26 spell levels left.
You didn't know any spells.
Your spell library was empty.

Dungeon Overview and Level Annotations

Branches:
Dungeon (15/15)            Temple (0/1) D:5            Lair (6/6) D:8
  Swamp (4/4) Lair:4       Spider (4/4) Lair:3        Slime (0/5) Lair:6
    Orc (2/2) D:9             Elf (3/3) Orc:2        Vaults (5/5) D:13
  Crypt (1/3) Vaults:3     Depths (5/5) D:15            Zot (0/5) Depths:5

Altars:
Ashenzari
Elyvilon
Fedhas
Gozag
Kikubaaqudgha
Nemelex Xobeh
Qazlal
Ru
Sif Muna
Wu Jian
Xom
Yredelemnul
Zin
The Shining One
Beogh
Jiyva

Shops:
D:9 *   D:12 ?   Orc:2 ([*:   Elf:1 %   Elf:2 }   Vaults:2 (

Portals:
Hell: Depths:1 Depths:2 Depths:3 Depths:4 Depths:5
Abyss: Depths:1 Depths:3 Depths:4
Pandemonium: Depths:2 Depths:3
Ziggurat: Depths:5

Annotations:
Lair:5 3 runed doors, Tanyipysto's ghost, journeyman HOFi
Lair:6 1 runed door, exclusion: 2 oklob plants
Swamp:1 1 runed door
Swamp:2 3 runed doors
Swamp:3 exclusion: Roxanne, Roxanne
Vaults:4 Mara


Innate Abilities, Weirdness & Mutations

You have hooves in place of feet.
You are completely covered in yellow scales. (AC +4, rCorr)
Your flesh is heat resistant. (rF+)
You can hurl damnation.
You are completely attuned to the shadows.
When hurt, damage is shared between your health and your magic reserves.
You regenerate magic rapidly.
When low on magic, you restore magic in place of health.
You are immune to clouds of flame.
You have a pair of small antennae on your head.
You have supernaturally acute eyesight. (SInv)
You are clumsy. (Dex -2)
Armour fits poorly on your strangely shaped body.
Your spells are a little easier to cast, but a little less powerful.


Message History

The frost giant is severely wounded.
Your iron troll bites the yaktaur captain but does no damage.
Your iron troll claws the yaktaur captain but does no damage.
Your iron troll claws the yaktaur captain!!
The yaktaur captain unwields an uncursed arbalest.
The yaktaur captain hits your iron troll but does no damage.
A yaktaur comes into view.
The frost giant casts a spell at you. The bolt of cold hits you!
* * * LOW HITPOINT WARNING * * *
You pummel the frost giant like a punching bag!!!
You kill the frost giant!
Trog accepts your kill.
Trog appreciates your killing of a magic user.
You hear an angry hiss.
The yaktaur wields an arbalest.
The yaktaur shoots a bolt.
The bolt hits you but does no damage.
The shadow dragon breathes negative energy at you.
The bolt of negative energy hits you!
You feel drained.
You die...

#......^......................
#.............................
#....#######################..
#..)......,,,,,,,,,,,,,.......
#..#......,,,,,,,,,,,,,......#
#..#..#########,,,*****####..#
#..#..#?""....#,,,*,,,,,,,#..#
#..#..#))....(#,,,*,,,,,,,#..#
*,,#..#[.(..T@#{,,*,,,,,,,#..#
*,,#..#.....c)#*,**,,,,,,,#..#
*,,#..#.(..()cD...,,,,,,,,#..#
*,,#.)########c...,########(.#
*,,#.....{,,,*..c.,#....).().#
*,,#......,,,*....,#.........#
*,,#......,,,*,,,,,#.........#
*,,#..####****,,,,,########..#
*,,#..#,,,,,,,,,,,,,,,,,,,#..#


You could see a shadow dragon, a yaktaur captain, 3 yaktaurs and a friendly iron
troll (berserk).

Vanquished Creatures
  A juggernaut (Depths:4)
  Boris (Vaults:2)
  Saint Roka (Orc:1)
  Margery (Vaults:4)
  3 caustic shrikes
  A profane servitor (Abyss:4)
  A golden dragon (Depths:4)
  9 bone dragons
  7 tentacled monstrosities
  An Ice Fiend (IceCv)
  Rupert (Orc:2)
  7 liches
  3 titans
  2 deep elf blademasters (Elf:3)
  30 tentacled starspawn
  Gastronok (Lair:2)
  An Executioner (Abyss:1)
  A thorn hunter (Swamp:4)
  The ghost of Izo Lafu the Impaler, an adept MiFi of the Shining One (Spider:3)
  7 sphinxes
  6 shadow dragons
  Kirke (Swamp:3)
  A daeva (Abyss:2)
  Donald (Elf:2)
  7 storm dragons
  2 tengu reavers
  A draconian monk (Depths:5)
  3 deep elf sorcerers
  10 frost giants
  2 iron dragons
  Louise (D:14)
  8 fire giants
  2 balrugs
  7 emperor scorpions
  2 orc warlords
  4 deep elf elementalists
  A spriggan defender (Depths:4)
  A cacodemon (Abyss:4)
  5 ghost moths
  A draconian stormcaller (Depths:5)
  11 vault wardens
  14 ironheart preservers
  An angel (Abyss:4)
  45 very ugly things
  2 entropy weavers
  An ophan (Abyss:2)
  18 stone giants
  2 green draconians (Depths:5)
  2 deep elf annihilators
  2 vampire knights (Depths:4)
  8 deep elf demonologists
  4 yellow draconians
  A black draconian (Depths:5)
  2 purple draconians
  9 spark wasps
  2 red draconians (Depths:5)
  2 white draconians
  8 deep elf death magi
  8 ettins
  A merfolk javelineer (Depths:3)
  An ettin (shapeshifter) (Vaults:4)
  A quicksilver dragon zombie (Abyss:5)
  11 great orbs of eyes
  2 blizzard demons
  9 fire dragons
  The ghost of Pihasey the Slicer, a journeyman VSBe of Trog (Lair:3)
  19 yaktaur captains
  2 merfolk impalers (Depths:3)
  4 deep elf high priests
  A green death (Abyss:4)
  Fannar (Orc:1)
  Harold (D:8)
  16 hydras
  11 rakshasas
  27 vault guards
  4 centaur warriors
  2 spriggan air magi (Depths:2)
  A naga warrior (Abyss:4)
  An ice dragon (shapeshifter) (D:15)
  3 shambling mangroves (Swamp:2)
  A ghost crab (Swamp:3)
  8 ice dragons
  A catoblepas (Lair:4)
  10 deep troll shamans
  2 death knights (Vaults:2)
  A satyr (Abyss:5)
  14 alligators
  33 two-headed ogres
  3 vampire magi
  37 dancing weapons
  3 tengu warriors (Depths:5)
  4 orc high priests
  16 deep troll earth magi
  14 ogre magi
  34 deep elf knights
  Sonja (Lair:6)
  36 thrashing horrors
  2 hell knights (Vaults:4)
  8 spriggans
  3 sun demons
  A titan zombie (Abyss:4)
  Nergalle (Lair:4)
  4 spriggan berserkers
  A storm dragon zombie (D:15)
  3 skeletal warriors
  25 wretched stars
  4 shadow wraiths
  A spark wasp zombie (Depths:3)
  2 iron trolls (Depths:5)
  A golden dragon zombie (Depths:3)
  12 wizards
  4 flayed ghosts
  9 spatial maelstroms
  7 unseen horrors
  2 spriggan druids (Swamp:4)
  30 deep trolls
  A death drake (Abyss:4)
  A lindwurm (Lair:6)
  7 swamp dragons
  14 ironbrand convokers
  A lindwurm (shapeshifter) (Abyss:4)
  5 phantasmal warriors
  22 deep elf archers
  14 orb spiders
  8 glowing orange brains
  A mana viper (Abyss:2)
  3 harpies (shapeshifter)
  An orb spider (shapeshifter) (Elf:2)
  3 necromancers
  49 ugly things
  23 orc knights
  9 orc sorcerers
  35 wolf spiders
  A sphinx skeleton (Depths:3)
  9 cyclopes
  A shining eye (Abyss:4)
  A shadow dragon skeleton (Abyss:4)
  A cyclops (shapeshifter) (Vaults:3)
  86 deep elf magi
  A manticore (shapeshifter) (Abyss:5)
  A shining eye (shapeshifter) (Vaults:5)
  9 worldbinders
  2 frost giant skeletons (Abyss:4)
  2 salamanders (Abyss:4)
  A black mamba (shapeshifter) (Vaults:2)
  A stone giant skeleton (D:15)
  A salamander (shapeshifter) (Elf:2)
  4 moths of wrath
  2 rust devils
  2 fire giant skeletons
  14 vault sentinels
  3 orange demons
  3 black mambas
  8 apocalypse crabs
  A guardian serpent (Abyss:2)
  21 elephants
  An ice statue (IceCv)
  21 smoke demons
  9 torpor snails
  14 spiny frogs
  A kobold demonologist (D:11)
  A spiny frog (shapeshifter) (Depths:5)
  A yaktaur (shapeshifter) (Vaults:1)
  10 komodo dragons
  4 rime drakes
  6 ice devils
  64 yaktaurs
  2 hellions
  2 efreet
  21 demonic crawlers
  A golden dragon simulacrum (IceCv)
  18 ancient zymes
  14 freezing wraiths
  3 anaconda simulacra (IceCv)
  10 hellwings
  2 tormentors
  3 tengu conjurers
  9 trolls
  2 meliai (Abyss:4)
  A troll (shapeshifter) (Vaults:5)
  25 jumping spiders
  3 red devils
  35 hornets
  2 jumping spiders (shapeshifter) (Depths:3)
  45 slime creatures
  60 raiju
  A blink frog (shapeshifter) (Vaults:3)
  14 hippogriffs
  A hydra skeleton (Abyss:2)
  8 tyrant leeches
  A raiju (shapeshifter) (Vaults:4)
  Prince Ribbit (D:7)
  4 dream sheep (Lair:6)
  27 blink frogs
  2 frost giant simulacra
  A wind drake (shapeshifter) (Vaults:2)
  A meliai zombie (D:14)
  A fire giant simulacrum (Vaults:1)
  2 stone giant simulacra
  A hippogriff (shapeshifter) (Vaults:2)
  3 flying skulls (Abyss:4)
  An iron dragon simulacrum (Abyss:4)
  2 bog bodies
  A deep troll skeleton (D:15)
  7 shadows
  6 dire elephant simulacra (IceCv)
  10 water elementals
  46 small abominations
  2 vampires
  An ettin skeleton (Abyss:4)
  2 air elementals
  17 tarantellas
  22 ynoxinuls
  35 redbacks
  A spriggan (shapeshifter) (Vaults:2)
  55 large abominations
  7 wraiths
  2 wyverns (D:14)
  2 hogs (Swamp:3)
  A basilisk (shapeshifter) (Vaults:4)
  A fire bat (Abyss:1)
  4 golden eyes (Abyss:4)
  Grum (D:9)
  15 neqoxecs
  2 fire elementals
  A human (shapeshifter) (Vaults:1)
  A yak (shapeshifter) (Vaults:2)
  35 yaks
  15 chaos spawn
  2 hungry ghosts
  5 basilisks
  2 steam dragons
  38 insubstantial wisps
  16 vampire mosquitoes
  4 harpy simulacra (IceCv)
  24 spatial vortices
  13 wargs
  3 iron troll simulacra (IceCv)
  Edmund (D:6)
  4 nagas (Abyss:4)
  A hydra simulacrum (IceCv)
  A swamp worm (shapeshifter) (Vaults:2)
  3 acid dragons
  16 water moccasins
  18 swamp worms
  2 floating eyes (Depths:5)
  A floating eye (shapeshifter) (Abyss:4)
  A hell hound (Abyss:1)
  7 porcupines
  11 swamp drakes
  7 eyes of draining
  61 orc warriors
  An alligator simulacrum (IceCv)
  6 black bears
  2 eyes of draining (shapeshifter)
  A necrophage (D:7)
  An ice beast (shapeshifter) (Depths:3)
  6 ice beasts
  5 sky beasts
  An ettin simulacrum (IceCv)
  7 phantoms
  A tengu (shapeshifter) (Abyss:4)
  7 wolves
  46 ogres
  13 boggarts
  14 centaurs
  6 crocodiles
  3 big kobolds
  19 bullfrogs
  A big kobold (shapeshifter) (Depths:4)
  3 earth elementals
  Blork the orc (D:6)
  An elf skeleton (Abyss:4)
  A gnoll sergeant (D:7)
  A wyvern skeleton (D:7)
  3 scorpions
  A water moccasin skeleton (D:11)
  11 killer bees
  A swamp dragon simulacrum (Abyss:4)
  A human simulacrum (Vaults:1)
  21 wights
  4 electric eels
  6 howler monkeys
  2 centaur zombies
  8 crimson imps
  138 starcursed masses
  10 quasits
  4 draconian simulacra (IceCv)
  16 orc priests
  2 bullfrog zombies
  12 hounds
  4 jellies
  Crazy Yiuf (D:2)
  3 gnoll shamans
  10 iron imps
  20 orc wizards
  A bullfrog skeleton (D:12)
  4 centaur skeletons
  12 iguanas
  A polar bear simulacrum (IceCv)
  3 troll simulacra (IceCv)
  7 worker ants
  A spriggan simulacrum (IceCv)
  2 centaur simulacra (IceCv)
  A hound zombie (D:8)
  A hound skeleton (D:7)
  A worker ant zombie (D:7)
  13 adders
  17 gnolls
  An ogre simulacrum (IceCv)
  8 shadow imps
  17 white imps
  13 ufetubi
  An ooze (D:5)
  2 adder zombies
  2 adder skeletons
  7 worms
  4 dart slugs
  5 leopard geckos
  124 orcs
  A ball python (D:1)
  4 giant cockroaches
  7 goblins
  6 hobgoblins
  15 jackals
  7 quokkas
  9 bats
  13 frilled lizards
  22 kobolds
  A quokka skeleton (D:8)
  A quokka zombie (D:5)
  4 rats
  2 crawling corpses (Vaults:5)
  5 lurking horrors
  21 starspawn tentacles
2902 creatures vanquished.

Vanquished Creatures (collateral kills)
  Mara (Vaults:4)
  Xtahua (Vaults:2)
  Jory (Vaults:3)
  A lich (Vaults:5)
  Arachne (Spider:4)
  Jorgrun (Spider:1)
  2 deep elf master archers (Elf:3)
  Asterion (Depths:1)
  A titan (Vaults:5)
  A sphinx (Vaults:5)
  A thorn hunter (Swamp:2)
  A storm dragon (Vaults:5)
  6 deep elf sorcerers (Elf:3)
  An iron dragon (Vaults:5)
  2 vault wardens
  4 deep elf elementalists
  3 very ugly things (Depths:4)
  A stone giant (Vaults:5)
  3 ironheart preservers
  2 deep elf demonologists (Elf:3)
  5 deep elf annihilators (Elf:3)
  A deep elf death mage (Elf:3)
  An ogre mage (Vaults:1)
  3 vault guards (Vaults:5)
  2 hydras (Swamp:4)
  An ice dragon (Vaults:1)
  A deep elf high priest (Elf:3)
  A centaur warrior (Vaults:2)
  An alligator (Swamp:2)
  2 deep troll earth magi
  A deep troll shaman (Depths:1)
  A sun demon (Abyss:4)
  A deep elf knight (Elf:1)
  2 hell knights
  2 deep trolls
  2 deep elf archers (Elf:1)
  2 swamp dragons (Swamp:4)
  A necromancer (Vaults:4)
  A phantasmal warrior (Vaults:1)
  3 wolf spiders
  2 orb spiders
  A cyclops (Vaults:2)
  2 ugly things
  4 deep elf magi
  A guardian serpent (Abyss:5)
  A smoke demon (Abyss:4)
  3 yaktaurs
  A red devil (Abyss:4)
  An ancient zyme (Abyss:4)
  2 jumping spiders
  A large abomination (Abyss:5)
  A raiju (shapeshifter) (Vaults:5)
  A hornet (Spider:1)
  2 blink frogs (Lair:3)
  A hippogriff (shapeshifter) (Vaults:5)
  2 redbacks
  3 tarantellas (Spider:4)
  A fire bat (Abyss:4)
  A neqoxec (Abyss:4)
  A swamp worm (Swamp:4)
  2 insubstantial wisps (Swamp:3)
  4 swamp drakes (Swamp:4)
  An orc warrior (Vaults:5)
  2 ogres (Vaults:1)
  2 boggarts (D:15)
  A snapping turtle skeleton (Abyss:4)
  A small abomination (Abyss:4)
  A scorpion (Abyss:4)
  A killer bee (D:7)
  8 starcursed masses (Abyss:4)
  3 adders (Lair:1)
  A white imp (Abyss:5)
  2 orcs (Vaults:1)
130 creatures vanquished.

Vanquished Creatures (others)
  A tentacled starspawn (Abyss:4)
  A centaur warrior (Vaults:4)
  A deep elf mage (Elf:2)
  A smoke demon (Abyss:4)
  A hippogriff (Abyss:4)
  A golden eye (Abyss:5)
  2 humans (Swamp:3)
  A spatial vortex (Abyss:4)
  A black bear (Abyss:4)
  A boggart (Vaults:2)
  4 small abominations
  A bullfrog (D:13)
  A starcursed mass (Abyss:5)
  An adder skeleton (D:7)
  5 bushes
  5 demonic plants (Abyss:5)
  14 fungi
  25 plants
  45 starspawn tentacles
  4 withered plants (D:15)
116 creatures vanquished.

Grand Total: 3148 creatures vanquished

Notes
Turn   | Place    | Note
-------+----------+-------------------------------------------
     0 | D:1      | PikkenKukken the Demonspawn Berserker began the quest for
                  | the Orb.
     0 | D:1      | Reached XP level 1. HP: 18/18 MP: 1/1
   395 | D:1      | Reached skill level 3 in Unarmed Combat
   395 | D:1      | Gained mutation: When hurt, damage is shared between your
                  | health and your magic reserves. [demonic ancestry]
   395 | D:1      | Reached XP level 2. HP: 22/24 MP: 2/2
   940 | D:2      | Gained mutation: You are slightly more attuned to the
                  | shadows. [demonic ancestry]
   940 | D:2      | Reached XP level 3. HP: 29/29 MP: 3/3
  1180 | D:2      | Reached ** piety under Trog
  1427 | D:2      | Gained mutation: You are partially covered in yellow
                  | scales. (AC +2) [demonic ancestry]
  1427 | D:2      | Reached XP level 4. HP: 25/35 MP: 4/4
  1435 | D:2      | Found a stormy altar of Qazlal.
  1724 | D:2      | Found an ornate altar of the Wu Jian Council.
  2010 | D:2      | Found a runed door.
  2062 | D:2      | Noticed Crazy Yiuf
  2067 | D:2      | Killed Crazy Yiuf
  2248 | D:3      | Noticed an ogre
  2255 | D:3      | Killed an ogre
  2255 | D:3      | Reached skill level 4 in Unarmed Combat
  2255 | D:3      | Reached XP level 5. HP: 42/42 MP: 5/5
  2821 | D:3      | Found a glowing golden altar of the Shining One.
  2852 | D:3      | Reached *** piety under Trog
  2901 | D:3      | Gained mutation: You have large cloven feet. [demonic
                  | ancestry]
  2901 | D:3      | Reached XP level 6. HP: 48/48 MP: 6/6
  3727 | D:4      | Reached skill level 5 in Unarmed Combat
  3736 | D:4      | Reached XP level 7. HP: 44/55 MP: 5/7
  4014 | D:4      | Reached **** piety under Trog
  4244 | D:4      | Found a deep blue altar of Sif Muna.
  4483 | D:5      | Entered Level 5 of the Dungeon
  5066 | D:5      | Found an opulent altar of Gozag.
  5275 | D:5      | Reached skill level 5 in Fighting
  5506 | D:5      | Found a sparkling altar of Nemelex Xobeh.
  5565 | D:5      | Reached skill level 6 in Unarmed Combat
  5565 | D:5      | Gained mutation: You have hoof-like feet. [demonic
                  | ancestry]
  5565 | D:5      | Reached XP level 8. HP: 48/62 MP: 6/8
  5662 | D:5      | Found a staircase to the Ecumenical Temple.
  5723 | D:5      | You fall through a shaft for 2 floors!
  5733 | D:6      | Noticed Edmund
  5734 | D:6      | Noticed Blork the orc
  5752 | D:6      | Killed Edmund
  5843 | D:6      | Killed Blork the orc
  6014 | D:6      | Reached skill level 7 in Unarmed Combat
  6158 | D:6      | Reached skill level 5 in Armour
  6158 | D:6      | Reached skill level 5 in Dodging
  6371 | D:6      | Reached XP level 9. HP: 69/69 MP: 9/9
  6384 | D:6      | Found a white marble altar of Elyvilon.
  7338 | D:7      | Noticed Prince Ribbit
  7344 | D:7      | Killed Prince Ribbit
  7344 | D:7      | Reached skill level 8 in Unarmed Combat
  7518 | D:7      | Reached ***** piety under Trog
  7608 | D:7      | Noticed a troll
  7621 | D:7      | Killed a troll
  7647 | D:7      | Received a gift from Trog
  8286 | D:7      | Gained mutation: You are significantly more attuned to the
                  | shadows. [demonic ancestry]
  8286 | D:7      | Reached XP level 10. HP: 79/79 MP: 10/10
  8489 | D:7      | Reached skill level 9 in Unarmed Combat
  8808 | D:8      | Noticed an elephant
  8809 | D:8      | Found a staircase to the Lair.
  8825 | D:8      | Killed an elephant
  9268 | D:8      | Noticed Harold
  9277 | D:8      | Killed Harold
  9277 | D:8      | Reached skill level 10 in Unarmed Combat
 10020 | D:8      | Found a blossoming altar of Fedhas.
 10451 | D:9      | Killed an unseen horror
 10468 | D:9      | Reached XP level 11. HP: 70/86 MP: 8/11
 10598 | D:9      | Found a glowing silver altar of Zin.
 10671 | D:9      | Found Wociseme's Assorted Antiques.
 10677 | D:9      | Bought a large pearl ring for 140 gold pieces
 10677 | D:9      | Bought a peridot ring for 140 gold pieces
 10930 | D:9      | Noticed a two-headed ogre
 10941 | D:9      | Killed a two-headed ogre
 10962 | D:9      | Noticed Grum
 10962 | D:9      | Noticed a two-headed ogre
 10981 | D:9      | Killed a two-headed ogre
 10985 | D:9      | Killed Grum
 11061 | D:9      | Found a sacrificial altar of Ru.
 11224 | D:9      | Found a staircase to the Orcish Mines.
 11285 | D:9      | Reached skill level 11 in Unarmed Combat
 12007 | D:10     | Entered Level 10 of the Dungeon
 12540 | D:10     | Noticed a two-headed ogre
 12545 | D:10     | Killed a two-headed ogre
 12886 | Lair:1   | Entered Level 1 of the Lair of Beasts
 14017 | Lair:2   | Noticed a six-headed hydra
 14022 | Lair:2   | Killed a six-headed hydra
 14022 | Lair:2   | Reached skill level 12 in Unarmed Combat
 14022 | Lair:2   | Reached XP level 12. HP: 97/97 MP: 10/12
 14122 | Lair:2   | Noticed Gastronok
 14134 | Lair:2   | Killed Gastronok
 14458 | Lair:2   | Reached ****** piety under Trog
 14879 | Lair:3   | Reached skill level 10 in Fighting
 15252 | Lair:3   | Found a hole to the Spider Nest.
 15475 | Lair:3   | Reached skill level 13 in Unarmed Combat
 15687 | Lair:3   | Received a gift from Trog
 16026 | Lair:3   | Found a runed door.
 16026 | Lair:3   | Found a shimmering altar of Xom.
 16026 | Lair:3   | Noticed Pihasey's ghost (journeyman VSBe)
 16331 | Lair:4   | Noticed a catoblepas
 16344 | Lair:4   | Killed a catoblepas
 16507 | Lair:4   | Noticed Nergalle
 16517 | Lair:4   | Killed Nergalle
 16560 | Lair:4   | Reached XP level 13. HP: 105/105 MP: 13/13
 16677 | Lair:4   | Reached skill level 10 in Armour
 17162 | Lair:4   | Found a staircase to the Swamp.
 17869 | Lair:5   | Reached skill level 14 in Unarmed Combat
 18385 | Lair:5   | Received a gift from Trog
 18453 | Lair:5   | Found a runed gate.
 18454 | Lair:5   | Found a runed gate.
 18460 | Lair:5   | Found a runed gate.
 18460 | Lair:5   | Noticed Tanyipysto's ghost (journeyman HOFi)
 18461 | Lair:5   | Noticed a death ooze
 18461 | Lair:5   | Noticed a death ooze
 19110 | Orc:1    | Entered Level 1 of the Orcish Mines
 19265 | Orc:1    | Noticed Fannar
 19274 | Orc:1    | Killed Fannar
 19652 | Lair:6   | Entered Level 6 of the Lair of Beasts
 19674 | Lair:6   | Noticed Sonja
 19679 | Lair:6   | Killed Sonja
 20625 | Lair:6   | Received a gift from Trog
 20677 | Lair:6   | Reached XP level 14. HP: 115/115 MP: 14/14
 20770 | Lair:6   | Found a runed door.
 20811 | Lair:6   | Reached skill level 15 in Unarmed Combat
 21714 | Lair:6   | Found a runed door.
 21716 | Lair:6   | Found a viscous altar of Jiyva.
 21717 | Lair:6   | Found a staircase to the Slime Pits.
 21717 | Lair:6   | Noticed an azure jelly
 21718 | Lair:6   | Noticed an azure jelly
 22226 | Orc:2    | Entered Level 2 of the Orcish Mines
 22236 | Orc:2    | Noticed Saint Roka
 22636 | Orc:1    | Killed Saint Roka
 23342 | Orc:2    | Noticed an orc warlord
 23350 | Orc:2    | Killed an orc warlord
 23976 | Orc:2    | Found Gewurupn's Antique Armour Boutique.
 24026 | Orc:2    | Found Woaqauka's General Store.
 24057 | Orc:2    | Found a roughly hewn altar of Beogh.
 24057 | Orc:2    | Found a staircase to the Elven Halls.
 24412 | Orc:2    | Received a gift from Trog
 24542 | Orc:2    | Noticed Rupert
 24552 | Orc:2    | Killed Rupert
 24693 | Orc:2    | Reached skill level 16 in Unarmed Combat
 24871 | Orc:2    | Found Meystru's Book Emporium.
 25027 | Orc:2    | Found Wakafaq's Antique Weapon Boutique.
 25351 | Orc:2    | Bought a pair of embroidered gloves for 142 gold pieces
 25573 | Swamp:1  | Entered Level 1 of the Swamp
 25620 | Lair:4   | HP: 8/177 [vampire mosquito (4)]
 26109 | Swamp:1  | Reached XP level 15. HP: 123/123 MP: 11/15
 26766 | Swamp:1  | Received a gift from Trog
 26933 | Swamp:1  | Found a runed door.
 27562 | Swamp:2  | Noticed a thorn hunter
 27570 | Swamp:2  | Killed a thorn hunter
 28311 | Swamp:2  | Found a runed gate.
 28312 | Swamp:2  | Found a runed gate.
 28313 | Swamp:2  | Found a runed gate.
 29274 | Swamp:3  | Reached skill level 17 in Unarmed Combat
 29446 | Swamp:3  | Noticed Kirke
 29472 | Swamp:3  | Killed Kirke
 29580 | Swamp:3  | Noticed Roxanne
 29769 | Swamp:3  | Received a gift from Trog
 30087 | Lair:3   | Killed Pihasey's ghost
 30297 | Spider:1 | Entered Level 1 of the Spider Nest
 30684 | Spider:1 | Received a gift from Trog
 30699 | Spider:1 | Paralysed by a hornet for 1 turns
 30897 | Spider:1 | Noticed Jorgrun
 30916 | Spider:1 | Killed Jorgrun
 31787 | Spider:2 | Gained mutation: You have hooves in place of feet. [demonic
                  | ancestry]
 31787 | Spider:2 | Reached XP level 16. HP: 125/133 MP: 16/16
 34048 | Spider:3 | Received a gift from Trog
 34840 | Spider:3 | Found a runed door.
 34842 | Spider:3 | Found a shimmering altar of Xom.
 34842 | Spider:3 | Noticed Izo Lafu's ghost (adept MiFi)
 34853 | Spider:3 | Reached skill level 18 in Unarmed Combat
 34865 | Spider:3 | Killed Izo Lafu's ghost
 35414 | Swamp:4  | Entered Level 4 of the Swamp
 36040 | Swamp:4  | Found a shimmering altar of Xom.
 36317 | Swamp:4  | Got a pair of dazzling gloves
 36328 | Swamp:4  | Identified the +1 pair of gloves "Ziuf" {rN+ MR- rCorr
                  | Str+8} (You found it on level 4 of the Swamp)
 37438 | Swamp:4  | Got a decaying rune of Zot
 37480 | Swamp:4  | Got a steaming ring mail
 37482 | Swamp:4  | Identified the +0 ring mail of the Komtur {-Tele rPois
                  | rN+++ Stlth+} (You found it on level 4 of the Swamp)
 37551 | Swamp:4  | Noticed a thorn hunter
 37564 | Swamp:4  | Killed a thorn hunter
 38109 | D:11     | Received a gift from Trog
 39020 | D:12     | Reached skill level 15 in Fighting
 39219 | D:12     | Reached skill level 1 in Evocations
 39260 | D:12     | Found Xeatelakh's Magic Scroll Emporium.
 39278 | D:12     | Bought a scroll of magic mapping for 42 gold pieces
 39278 | D:12     | Bought a scroll of teleportation for 36 gold pieces
 39350 | D:12     | Got a flickering steel ring
 39781 | D:12     | Identified the ring "Lugeog" {Wiz Dex+2} (You took it off a
                  | wight on level 12 of the Dungeon)
 40049 | D:13     | Got a translucent granite ring
 40084 | D:13     | Found a gate to the Vaults.
 40096 | D:13     | Gained mutation: You are mostly covered in yellow scales.
                  | (AC +3) [demonic ancestry]
 40096 | D:13     | Reached XP level 17. HP: 133/142 MP: 16/18
 40099 | D:13     | Received a gift from Trog
 40433 | D:13     | Identified the ring "Utovitas" {rPois Int+3 Slay+2} (You
                  | found it on level 13 of the Dungeon)
 40520 | D:13     | Found an opulent altar of Gozag.
 40803 | D:14     | Noticed Louise
 40813 | D:14     | Killed Louise
 41296 | D:14     | Received a gift from Trog
 41586 | D:15     | Entered Level 15 of the Dungeon
 42045 | D:15     | Reached skill level 19 in Unarmed Combat
 42600 | D:15     | Found a staircase to the Depths.
 43074 | Vaults:1 | Entered Level 1 of the Vaults
 43693 | Vaults:1 | Reached skill level 5 in Evocations
 43997 | Vaults:1 | Received a gift from Trog
 44274 | Vaults:1 | Paralysed by an ogre mage for 2 turns
 44755 | Vaults:1 | Gained mutation: You regenerate magic rapidly. [demonic
                  | ancestry]
 44755 | Vaults:1 | Reached XP level 18. HP: 74/151 MP: 12/22
 45203 | Vaults:1 | Received a gift from Trog
 46462 | Spider:4 | Entered Level 4 of the Spider Nest
 47247 | Spider:4 | Noticed Arachne
 47544 | Spider:4 | Reached skill level 20 in Unarmed Combat
 47548 | Spider:4 | Killed Arachne
 48245 | Spider:4 | Reached skill level 15 in Armour
 48868 | Spider:4 | Received a gift from Trog
 49550 | Spider:4 | Got a gossamer rune of Zot
 50320 | Elf:1    | Entered Level 1 of the Elven Halls
 50721 | Elf:1    | Gained mutation: Your flesh is heat resistant. (rF+)
                  | [demonic ancestry]
 50721 | Elf:1    | Reached XP level 19. HP: 151/159 MP: 21/23
 50770 | Elf:1    | Found Enod's Food Boutique.
 50831 | Elf:1    | Received a gift from Trog
 52546 | Elf:1    | Reached skill level 21 in Unarmed Combat
 52793 | Elf:1    | Identified the Collected Works on Creative Arcane Weapons
 53204 | Elf:1    | Received a gift from Trog
 53222 | Elf:1    | Bought a ration for 60 gold pieces
 53222 | Elf:1    | Bought a ration for 60 gold pieces
 53222 | Elf:1    | Bought a ration for 60 gold pieces
 53222 | Elf:1    | Bought a ration for 60 gold pieces
 53222 | Elf:1    | Bought a ration for 60 gold pieces
 53222 | Elf:1    | Bought a ration for 60 gold pieces
 53222 | Elf:1    | Bought a ration for 60 gold pieces
 54108 | Vaults:2 | Found a roughly hewn altar of Beogh.
 54472 | Vaults:2 | Noticed Xtahua
 54479 | Vaults:2 | Killed Xtahua
 54523 | Vaults:2 | Found Jom Qoz's Antique Weapon Boutique.
 54873 | Vaults:2 | Noticed Boris
 54899 | Vaults:2 | Killed Boris
 55069 | Vaults:2 | Received a gift from Trog
 55503 | Vaults:2 | Reached XP level 20. HP: 128/168 MP: 22/24
 56657 | Vaults:3 | Found a roughly hewn altar of Beogh.
 57272 | Vaults:3 | Received a gift from Trog
 57403 | Vaults:3 | Reached skill level 22 in Unarmed Combat
 57705 | Vaults:3 | Found a staircase to the Crypt.
 57705 | Vaults:3 | Found an ancient bone altar of Kikubaaqudgha.
 57706 | Vaults:3 | Found a basalt altar of Yredelemnul.
 59642 | Vaults:4 | Noticed Mara
 59650 | Vaults:4 | Killed Mara
 59668 | Vaults:4 | Noticed Jory
 60020 | Vaults:3 | Killed Jory
 60837 | Vaults:4 | Reached XP level 21. HP: 151/177 MP: 22/25
 61545 | Vaults:4 | Noticed Margery
 61553 | Vaults:4 | Killed Margery
 61553 | Vaults:4 | Received a gift from Trog
 62052 | Elf:2    | Found a frozen archway.
 62058 | IceCv    | Entered an ice cave
 62663 | IceCv    | Received a gift from Trog
 62924 | Elf:2    | Found a deep blue altar of Sif Muna.
 63196 | Elf:2    | Found Touret's Gadget Boutique.
 63573 | Elf:2    | Received a gift from Trog
 63954 | Elf:2    | Found a huge runed gate.
 63954 | Elf:2    | Found a huge runed gate.
 63954 | Elf:2    | Found a huge runed gate.
 63954 | Elf:2    | Found a huge runed gate.
 63960 | Elf:2    | Found a huge runed gate.
 64088 | Elf:2    | Gained mutation: You expend magic power (3 MP) to
                  | strengthen your wands. [potion of mutation]
 64088 | Elf:2    | Gained mutation: You are frail. (-10% HP) [potion of
                  | mutation]
 64088 | Elf:2    | Gained mutation: You have a pair of small antennae on your
                  | head. [potion of mutation]
 64088 | Elf:2    | Gained mutation: You evolve. [potion of mutation]
 64089 | Elf:2    | Lost mutation: You expend magic power (3 MP) to strengthen
                  | your wands. [potion of mutation]
 64089 | Elf:2    | Lost mutation: You are frail. (-10% HP) [potion of
                  | mutation]
 64089 | Elf:2    | Lost mutation: You evolve. [potion of mutation]
 64089 | Elf:2    | Gained mutation: You have supernaturally acute eyesight.
                  | (SInv) [potion of mutation]
 64089 | Elf:2    | Gained mutation: Your natural rate of healing is unusually
                  | fast. [potion of mutation]
 64275 | Elf:2    | Noticed Donald
 64286 | Elf:2    | Killed Donald
 64451 | Elf:2    | Reached skill level 23 in Unarmed Combat
 64634 | Elf:3    | Entered Level 3 of the Elven Halls
 64690 | Elf:3    | Found a flickering gateway to a bazaar.
 64712 | Bazaar   | Entered a bazaar
 64729 | Bazaar   | Found Ylapen's General Store.
 64741 | Bazaar   | Found Eklos's Weapon Emporium.
 64752 | Bazaar   | Found Ykadgh's Distillery.
 64763 | Bazaar   | Found Daklel's Distillery.
 64769 | Bazaar   | Bought a potion of heal wounds for 60 gold pieces
 64769 | Bazaar   | Bought a potion of heal wounds for 60 gold pieces
 64769 | Bazaar   | Bought 2 potions of mutation for 192 gold pieces
 64780 | Bazaar   | Bought a potion of heal wounds for 65 gold pieces
 64780 | Bazaar   | Bought 2 potions of heal wounds for 130 gold pieces
 64780 | Bazaar   | Bought 2 potions of might for 104 gold pieces
 65469 | Elf:3    | Got a crude pewter ring
 65601 | Elf:3    | Received a gift from Trog
 65706 | Elf:2    | Identified the ring "Zeprisiafu" {*Drain AC+3 Dex+2 Slay+2}
                  | (You took it off a deep elf death mage on level 3 of the
                  | Elven Halls)
 65735 | Elf:3    | Reached skill level 10 in Dodging
 65774 | Elf:3    | Gained mutation: You are completely attuned to the shadows.
                  | [demonic ancestry]
 65774 | Elf:3    | Reached XP level 22. HP: 186/186 MP: 26/26
 65800 | Elf:3    | Got an ancient bronze ring
 66003 | Elf:3    | Found the +3 giant club "Skullcrusher" {speed, Str+7}
 66016 | Elf:3    | Got a translucent amethyst amulet
 66020 | Elf:3    | Identified the ring "Xafoufot" {*Drain rF+ AC+4 Dex+3} (You
                  | took it off a deep elf mage on level 3 of the Elven Halls)
 66021 | Elf:3    | Identified the amulet "Acada" {Inacc MR+ Str+3} (You found
                  | it on level 3 of the Elven Halls)
 66775 | Depths:1 | Entered Level 1 of the Depths
 66905 | Depths:1 | Found a one-way gate to the infinite horrors of the Abyss.
 67233 | Depths:1 | Found an opulent altar of Gozag.
 67404 | Depths:1 | Received a gift from Trog
 67405 | Depths:1 | Found the +8 lance "Wyrmbane" {slay drac, rPois rF+ rC+
                  | AC+3}
 67510 | Depths:1 | Noticed Asterion
 67516 | Depths:1 | Killed Asterion
 67684 | Depths:1 | Found a gateway to Hell.
 68334 | Depths:2 | Found a glowing golden altar of the Shining One.
 68835 | Depths:2 | Found a portal to a secret trove of treasure.
 69397 | Depths:2 | You paid a toll of a +6 demon whip to enter a treasure
                  | trove
 69398 | Trove    | Entered a treasure trove
 69404 | Trove    | Got a transparent crystal plate armour
 69425 | Trove    | Found the +2 ratskin cloak {+Rats rPois rN+ Str-1 Int-1
                  | Dex+1}
 69429 | Trove    | Identified the +2 crystal plate armour "Atixau" {Int+7}
                  | (You found it in a treasure trove)
 69662 | Depths:2 | Found a one-way gate leading to the halls of Pandemonium.
 70282 | Depths:3 | Noticed a caustic shrike
 70290 | Depths:3 | Killed a caustic shrike
 70777 | Depths:3 | Found a shattered altar of Ashenzari.
 71216 | Depths:4 | Reached skill level 24 in Unarmed Combat
 71497 | Depths:4 | Reached XP level 23. HP: 196/196 MP: 27/27
 71545 | Depths:4 | Noticed a juggernaut
 71558 | Depths:4 | Killed a juggernaut
 71663 | Depths:4 | Received a gift from Trog
 72586 | Depths:5 | Entered Level 5 of the Depths
 72647 | Depths:5 | Paralysed by a floating eye for 3 turns
 72664 | Depths:5 | Paralysed by a floating eye for 4 turns
 72809 | Depths:5 | Noticed a caustic shrike
 72823 | Depths:5 | Killed a caustic shrike
 72826 | Depths:5 | Noticed a caustic shrike
 72833 | Depths:5 | Killed a caustic shrike
 73016 | Depths:5 | Received a gift from Trog
 73190 | Depths:5 | Paralysed by a floating eye for 4 turns
 73527 | Depths:5 | Reached skill level 25 in Unarmed Combat
 73567 | Depths:5 | Found a gate to the Realm of Zot.
 73700 | Depths:5 | Gained mutation: When low on magic, you restore magic in
                  | place of health. [demonic ancestry]
 73700 | Depths:5 | Reached XP level 24. HP: 202/205 MP: 27/27
 74220 | Depths:5 | Found a gateway to a ziggurat.
 74753 | Crypt:1  | Entered Level 1 of the Crypt
 74947 | Depths:1 | Voluntarily entered the Abyss.
 75017 | Abyss:1  | Received a gift from Trog
 75309 | Abyss:2  | Found a corrupted altar of Lugonu.
 75337 | Depths:1 | Escaped the Abyss
 75339 | Depths:1 | Voluntarily entered the Abyss.
 75627 | Depths:1 | Escaped the Abyss
 75758 | Depths:4 | Voluntarily entered the Abyss.
 75938 | Abyss:1  | Found a runed door.
 76255 | Abyss:2  | Got a translucent turquoise ring
 76256 | Abyss:2  | Identified the ring "Vibb" {Wiz -Tele rF++ rC++} (You found
                  | it on level 2 of the Abyss)
 76387 | Abyss:2  | Received a gift from Trog
 77188 | Abyss:2  | Found a corrupted altar of Lugonu.
 77533 | Abyss:5  | Entered Level 5 of the Abyss
 77563 | Abyss:5  | Received a gift from Trog
 77745 | Abyss:5  | Paralysed by you for 3 turns
 77837 | Abyss:5  | Reached skill level 26 in Unarmed Combat
 77863 | Abyss:5  | Found a radiant altar of Vehumet.
 77976 | Abyss:5  | Received a gift from Trog
 77982 | Depths:4 | Escaped the Abyss
 78107 | Depths:4 | Voluntarily entered the Abyss.
 78151 | Abyss:1  | Gained mutation: You are completely covered in yellow
                  | scales. (AC +4, rCorr) [demonic ancestry]
 78151 | Abyss:1  | Reached XP level 25. HP: 214/214 MP: 27/27
 78941 | Abyss:2  | Received a gift from Trog
 79097 | Abyss:2  | Found a corrupted altar of Lugonu.
 79458 | Abyss:4  | Identified the Compendium of Orientation
 79467 | Abyss:4  | Identified the Almanac of Confrontation
 79506 | Abyss:4  | Received a gift from Trog
 80092 | Abyss:4  | Found a corrupted altar of Lugonu.
 80194 | Abyss:4  | Received a gift from Trog
 80363 | Abyss:4  | Paralysed by you for 3 turns
 80577 | Abyss:4  | Found a corrupted altar of Lugonu.
 80872 | Abyss:4  | Received a gift from Trog
 81241 | Abyss:4  | Reached skill level 27 in Unarmed Combat
 81344 | Abyss:4  | Gained mutation: You are immune to clouds of flame.
                  | [demonic ancestry]
 81344 | Abyss:4  | Reached XP level 26. HP: 213/224 MP: 27/27
 81410 | Abyss:4  | Received a gift from Trog
 81597 | Abyss:4  | Paralysed by accursed screaming for 1 turns
 81637 | Abyss:4  | Paralysed by accursed screaming for 1 turns
 81649 | Abyss:4  | Paralysed by accursed screaming for 1 turns
 81833 | Abyss:4  | Lost mutation: Your natural rate of healing is unusually
                  | fast. [a neqoxec]
 81834 | Abyss:4  | Gained mutation: Your spells are a little easier to cast,
                  | but a little less powerful. [a neqoxec]
 81855 | Abyss:4  | Paralysed by accursed screaming for 1 turns
 81871 | Abyss:4  | Paralysed by accursed screaming for 1 turns
 81904 | Abyss:4  | Paralysed by accursed screaming for 2 turns
 81911 | Abyss:4  | Found a corrupted altar of Lugonu.
 81993 | Abyss:4  | Received a gift from Trog
 82273 | Abyss:4  | Paralysed by accursed screaming for 1 turns
 82303 | Abyss:4  | Paralysed by a floating eye for 2 turns
 82661 | Abyss:5  | Entered Level 5 of the Abyss
 82661 | Abyss:5  | Found a corrupted altar of Lugonu.
 82707 | Abyss:5  | Found a corrupted altar of Lugonu.
 82804 | Abyss:5  | Found a corrupted altar of Lugonu.
 82872 | Abyss:5  | Received a gift from Trog
 82950 | Depths:4 | Escaped the Abyss
 83259 | Vaults:5 | Entered Level 5 of the Vaults
 83678 | Vaults:5 | Received a gift from Trog
 83992 | Vaults:5 | Gained mutation: You can hurl damnation. [demonic ancestry]
 83992 | Vaults:5 | Reached XP level 27. HP: 180/237 MP: 24/27
 84033 | Vaults:5 | Gained mutation: You are clumsy. (Dex -2) [a shining eye]
 84035 | Vaults:5 | Gained mutation: Armour fits poorly on your strangely
                  | shaped body. [a shining eye]
 84050 | Vaults:5 | Killed from afar by a shadow dragon

Vault maps used:
D:1:      zaba_arrival_water
D:2:      grunt_qazlal_clouds, old_standard_altar, minmay_lizard_king,
          uniq_crazy_yiuf_cottage
D:3:      nicolae_overflow_hidden_temple, first_ration, grunt_ministairs_3
D:4:      led_sif_book
D:5:      nicolae_overflow_crystal_walls, temple_doors_e, basic_altar
D:6:      overflow_temple_1_default, hangedman_decor_peaks_small,
          uniq_blork_the_orc, uniq_edmund
D:7:      kennysheep_windowed_halls, grunt_ogre_cave, uniq_prince_ribbit1
D:8:      marbit_many_paths, david_lair_generic, minmay_misc_feat_rugged,
          uniq_harold
D:9:      lemuel_upstairs_altar, nicolae_ru_the_path_less_chosen,
          kennysheep_mini, hiddenorc2_lemuel, serial_shops, shop_statue,
          uniq_grum
D:11:     serial_column_ruins, column_ruins_open_tiny, column_ruins_open_tiny,
          column_ruins_columns_corner, column_ruins_open_large,
          column_ruins_columns_corner
D:12:     serial_shops, kennysheep_little_box, spider_trap,
          minmay_misc_feat_encased
D:13:     lightli_vaults_fourway_checkpoint, nicolae_lava_and_water,
          minivault_11, grunt_gozag_breadcrumbs
D:14:     minmay_misc_feat_enclosed, uniq_louise
D:15:     gammafunk_depths_entry_grave
Lair:1:   cheibrodos_lair_reptile_den
Lair:2:   minmay_holes, serial_bayou_lake_a, serial_bayou_shore_b,
          uniq_gastronok
Lair:3:   nicolae_spider_entry_tight_spaces, ebering_ghost_xom
Lair:4:   minmay_swamp_entry_worms, nicolae_quartered_pool_little,
          grunt_megastairs_4, uniq_nergalle
Lair:5:   beast_lair_carwin_large_3, gammafunk_ghost_ooze,
          nicolae_lair_grove_arrangements, lemuel_fruit_tree
Lair:6:   guppyfry_lair_end_dragon, wormcave, slime_altar_2,
          serial_bayou_shore_b, minmay_lair_oklob_chamber, uniq_sonja
Swamp:1:  gammafunk_mikee_crab_dinner, serial_swamp_ruin,
          evilmike_swamp_ruin_house_4, evilmike_swamp_ruin_wall,
          infiniplex_staircase_pool_2
Swamp:2:  gammafunk_ghost_necromancy, evilmike_swamp_ruin_house_3
Swamp:3:  evilmike_swamp_ruin_house_6, infiniplex_staircase_pool, uniq_kirke,
          uniq_roxanne
Swamp:4:  swamp_basic_johnstein, nicolae_swamp_godswood
Spider:1: hive_lemuel, uniq_jorgrun
Spider:3: ebering_ghost_xom, spider_trap
Spider:4: guppyfry_spider_rune, spider_trap, nicolae_arachne_temple
Orc:1:    nicolae_orc_damp_corner, minmay_orc_barracks, uniq_fannar
Orc:2:    grunt_orc_gardens, grunt_orc_garden, grunt_orc_garden,
          grunt_orc_garden, grunt_orc_garden, basic_altar, nooodl_orcs_dogs,
          uniq_rupert, uniq_saint_roka
Elf:1:    serial_shops, shop, minmay_elf_sorcery, spider_trap,
          grunt_ministairs_10, statue_in_the_mist_lemuel,
          hangedman_elven_crosses_minicolossus, uniq_donald
Elf:2:    portal_ice_cave_entry_horrid_things, serial_shops, nicolae_shop_stone,
          basic_altar
Elf:3:    grunt_elf_hall_diamonds, serial_shops, bzr_entry_road
Vaults:1: hangedman_vaults_corner, st_octagons_2,
          hangedman_vaults_stretched_pinwheel, nicolae_vaults_gold_heap,
          grunt_vaults_trifunnel, nicolae_vaults_network_barrier,
          ontoclasm_vaults_eye, nicolae_vaults_little_squares_2
Vaults:2: ontoclasm_vaults_claustrophobia, v_alt_pattern_2,
          vaults_mumra_hexcomb, v_pattern_4, hangedman_vaults_locks,
          vaults_dpeg_encased_lava, nicolae_vaults_big_ls,
          ontoclasm_vaults_spin, nicolae_vaults_little_ls, special_room_vaults,
          ontoclasm_vaults_decontamination, vaults_room_semicircle,
          serial_shops, shop_statue, uniq_xtahua, uniq_boris
Vaults:3: grunt_vaults_focal, special_room_vaults, grunt_vaults_hallway_short,
          v_misc_12, nicolae_vaults_little_squares_6, v_misc_14,
          vaults_standard_mumra_x, ontoclasm_vaults_loading_screen, v_misc_30,
          hangedman_vaults_corner_blocks, v_misc_9,
          minmay_crypt_entry_necro_gods
Vaults:4: vaults_room_stairs_pillars, ontoclasm_vaults_ring_large,
          hangedman_vaults_trim, nicolae_vaults_little_squares_6,
          nicolae_vaults_little_squares_4, st_lines, v_misc_11,
          grunt_vaults_hallway_short, vaults_standard_mumra_enter_the_diamond,
          ontoclasm_vaults_gateway, uniq_margery, uniq_mara, uniq_jory
Depths:1: hell_entry, hangedman_abyss_entry_splay, old_standard_altar,
          spider_trap, hangedman_decor_opposing, evilmike_butchery,
          serial_bayou_shore_b, uniq_asterion
Depths:2: impenetrable_vault, pan_entry, trove_entry_hex_spiral,
          pf_hell_entry_tar_spiral, kennysheep_pointless_box, tso_metal_star
Depths:3: kennysheep_water_balloons, pf_vacation_house_of_asmodeus, pan_entry,
          abyss_entry, evilmike_ruin_ashenzari, kennysheep_generic_room_11,
          infiniplex_staircase_star
Depths:4: hangedman_cross_cluster, minmay_misc_feat_ornament, abyss_entry,
          grunt_hell_entry_dis_mu
Depths:5: grunt_crosshair, enter_ziggurat_b, hell_entry, nicolae_two_hexagons,
          st_stairs_4, minmay_pinched_square
Abyss:1:  minivault_4, guppyfry_abyss_exit_glass_guarded
Abyss:2:  evilmike_abyss_exit_9
Abyss:3:  hangedman_abyss_overflow_altar
Abyss:4:  hangedman_abyss_monster_moat, nicolae_abyss_rune_star_stuff,
          evilmike_abyss_exit_1, evilmike_abyss_exit_14,
          hangedman_abyss_lost_library, evilmike_abyss_exit_17
Abyss:5:  guppyfry_abyss_exit_spiral_guarded, hangedman_abyss_rune_macabre_mess,
          evilmike_abyss_exit_plants, minivault_28, evilmike_abyss_exit_13,
          evilmike_abyss_rune_elephants_shrine, evilmike_abyss_exit_glass
Bazaar:   bazaar_minmay_plants
Trove:    trove_armour_six_rooms
IceCv:    ice_cave_caverns_01

Skill      XL: |  1  2  3  4  5  6  7  8  9 10 11 12 13 14 15 16 17 18 19 20 21 22 23 24 25 26 |
---------------+-------------------------------------------------------------------------------+-----
Unarmed Combat | 3 4 5 6 7 8 10 12 13 14 16 17 18 19 20 21 22 23 24 25 26 27 | 27.0
Armour         | 2 3 4 5 6 7 8 9 11 12 13 14 15 16 17 18 19 20 22 | 22.2
Dodging        | 2 3 4 5 6 7 8 10 | 10.4
Fighting       | 4 5 6 7 8 9 10 12 13 14 15 16 17 18 19 20 21 22 23 | 23.9
Evocations     | 2 5 6 |  6.6

Action                   |  1- 3 |  4- 6 |  7- 9 | 10-12 | 13-15 | 16-18 | 19-21 | 22-24 | 25-27 || total
-------------------------+-------+-------+-------+-------+-------+-------+-------+-------+-------++-------
Melee: Unarmed           |   178 |   240 |   422 |   655 |  1207 |  1357 |  1561 |  1593 |  1441 ||  8654
       Punch             |     1 |     3 |    15 |    31 |   112 |   167 |   176 |   213 |   165 ||   883
       Kick              |       |    29 |   139 |   244 |   465 |   632 |   649 |   806 |   715 ||  3679
Invok: Berserk           |     3 |     3 |    13 |    14 |    30 |    24 |    25 |    13 |     1 ||   126
       Brothers in Arms  |       |       |     1 |     2 |     7 |    13 |    16 |     7 |    15 ||    61
       Trog's Hand       |       |       |       |       |     3 |       |     5 |       |       ||     8
 Abil: Hurl Damnation    |       |       |       |       |       |       |       |       |     1 ||     1
Evoke: Wand              |       |       |       |       |     4 |       |     1 |     1 |     1 ||     7
       Phantom mirror    |       |       |       |       |       |       |     1 |       |       ||     1
  Use: Scroll            |     5 |     8 |     3 |    13 |     2 |    20 |     7 |    24 |     6 ||    88
       Potion            |       |       |     2 |       |     2 |     4 |    10 |     4 |    10 ||    32
 Stab: Distracted        |       |       |       |       |     1 |       |     2 |     2 |     2 ||     7
       Confused          |       |       |       |       |       |     2 |       |       |       ||     2
       Paralysed         |       |       |       |       |       |       |       |     1 |     2 ||     3
       Invisible         |       |       |       |       |       |       |       |     1 |       ||     1
  Eat: Chunk             |     4 |    11 |    22 |    29 |    41 |    33 |    51 |    25 |    11 ||   227
       Ration            |       |       |     2 |     3 |    12 |    16 |     8 |    10 |     4 ||    55
Armor: Animal skin       |    29 |       |       |       |       |       |       |       |       ||    29
       Ring mail         |    23 |    58 |    52 |       |       |       |       |       |       ||   133
       Chain mail        |       |       |   140 |   263 |   444 |   903 |   469 |    11 |       ||  2230
       Swamp dragon scal |       |       |       |       |    18 |       |       |       |       ||    18
       Storm dragon scal |       |       |       |       |       |       |   175 |    53 |       ||   228
       Crystal plate arm |       |       |       |       |       |       |       |  1096 |   928 ||  2024
Dodge: Dodged            |   106 |   104 |   239 |   425 |   914 |  1067 |   683 |   676 |   709 ||  4923

Table legend:
 A = Non-vault XP
 B = Vault XP
 C = Vault XP percentage of total XP
 D = Non-vault monster count
 E = Vault monster count
 F = Vault count percentage of total count
                 A         B        C        D         E       F
            +---------+---------+-------+---------+---------+-------
      Total |  960806 |  558614 |  36.8 |    2113 |     871 |  29.2
            +---------+---------+-------+---------+---------+-------
        D:1 |      36 |       0 |   0.0 |      14 |       0 |   0.0
        D:2 |      85 |      51 |  37.5 |      22 |       9 |  29.0
        D:3 |     211 |       3 |   1.4 |      30 |       2 |   6.2
        D:4 |     523 |      40 |   7.1 |      30 |       1 |   3.2
        D:5 |     644 |       0 |   0.0 |      27 |       0 |   0.0
        D:6 |    1063 |     255 |  19.3 |      23 |       2 |   8.0
        D:7 |    2279 |    1753 |  43.5 |      43 |      20 |  31.7
        D:8 |    1049 |    2058 |  66.2 |      22 |       6 |  21.4
        D:9 |    3358 |    1606 |  32.4 |      19 |      37 |  66.1
       D:10 |    2951 |       0 |   0.0 |      24 |       0 |   0.0
       D:11 |    4576 |       0 |   0.0 |      35 |       0 |   0.0
       D:12 |    7902 |       0 |   0.0 |      36 |       0 |   0.0
       D:13 |    9631 |    4644 |  32.5 |      26 |      11 |  29.7
       D:14 |    6986 |    1696 |  19.5 |      46 |       1 |   2.1
       D:15 |   16537 |    5012 |  23.3 |      42 |       8 |  16.0
     Lair:1 |     687 |     469 |  40.6 |       3 |       7 |  70.0
     Lair:2 |    3706 |    2359 |  38.9 |      16 |       1 |   5.9
     Lair:3 |    8573 |    3113 |  26.6 |      34 |       7 |  17.1
     Lair:4 |    5145 |    2049 |  28.5 |      17 |       6 |  26.1
     Lair:5 |    7706 |    4233 |  35.5 |      28 |       9 |  24.3
     Lair:6 |    8049 |   11404 |  58.6 |      22 |      32 |  59.3
    Swamp:1 |   14073 |       0 |   0.0 |      30 |       0 |   0.0
    Swamp:2 |   11725 |       0 |   0.0 |      27 |       0 |   0.0
    Swamp:3 |   11129 |    4390 |  28.3 |      34 |       5 |  12.8
    Swamp:4 |    7486 |   13767 |  64.8 |      22 |      26 |  54.2
   Spider:1 |    7112 |    5859 |  45.2 |      22 |      17 |  43.6
   Spider:2 |   15077 |       0 |   0.0 |      32 |       0 |   0.0
   Spider:3 |    9241 |    9905 |  51.7 |      23 |      20 |  46.5
   Spider:4 |    9038 |   30388 |  77.1 |      24 |      52 |  68.4
      Orc:1 |    1199 |   11091 |  90.2 |      24 |      37 |  60.7
      Orc:2 |    2048 |   14137 |  87.3 |      19 |      37 |  66.1
      Elf:1 |   35043 |   17717 |  33.6 |      55 |      25 |  31.2
      Elf:2 |   33156 |   25473 |  43.4 |      50 |      34 |  40.5
      Elf:3 |   17731 |   34991 |  66.4 |      27 |      32 |  54.2
   Vaults:1 |   39173 |   17478 |  30.9 |      77 |      29 |  27.4
   Vaults:2 |   29649 |   30108 |  50.4 |      56 |      61 |  52.1
   Vaults:3 |   31053 |   29096 |  48.4 |      47 |      43 |  47.8
   Vaults:4 |   28237 |   38230 |  57.5 |      34 |      43 |  55.8
   Vaults:5 |   26506 |   70308 |  72.6 |      38 |      58 |  60.4
   Depths:1 |   19687 |    2077 |   9.5 |      27 |       1 |   3.6
   Depths:2 |   11351 |       0 |   0.0 |      10 |       0 |   0.0
   Depths:3 |   31253 |   17572 |  36.0 |      43 |       9 |  17.3
   Depths:4 |   57185 |   38024 |  39.9 |      64 |      25 |  28.1
   Depths:5 |   62019 |   54953 |  47.0 |      66 |      34 |  34.0
    Abyss:1 |   53272 |    2880 |   5.1 |      99 |       7 |   6.6
    Abyss:2 |   70845 |    4815 |   6.4 |     133 |      11 |   7.6
    Abyss:3 |    5873 |     776 |  11.7 |      18 |       3 |  14.3
    Abyss:4 |  193491 |   17039 |   8.1 |     377 |      22 |   5.5
    Abyss:5 |   35457 |   15554 |  30.5 |      76 |      23 |  23.2
      IceCv |       0 |   11241 | 100.0 |       0 |      58 | 100.0
            +---------+---------+-------+---------+---------+-------
